 Dungeon Crawl Stone Soup version 0.31-a0-219-g8d62b2e7bb (webtiles) character file.

Game seed: 12932264850413238749

4253 tsouns the Carver (level 10, -1/85 HPs)
             Began as a Barachi Fighter on July 3, 2023.
             Was an Elder of Wu Jian.
             Slain by a spriggan
             ... wielding a +0 trident
              (14 damage)
             ... in a bailey.
             The game lasted 00:13:53 (6703 turns).

tsouns the Carver (Barachi Fighter)                 Turns: 6703, Time: 00:13:54

Health: -1/85      AC: 13    Str: 20    XL:     10   Next: 31%
Magic:  0/10       EV: 10    Int: 10    God:    Wu Jian [****..]
Gold:   262        SH:  5    Dex: 12    Spells: 9/9 levels left

rFire   . . .        a - +0 long sword
rCold   . . .        c - +0 buckler
rNeg    . . .        D - +2 swamp dragon scales
rPois   +            j - +2 helmet
rElec   .            (no cloak)
rCorr   +            I - +0 pair of gloves
SInv    .            s - +0 pair of boots
Will    +....        C - amulet of guardian spirit
Stlth   +            x - ring of resist corrosion
HPRegen 0.34/turn    (no ring)
MPRegen 0.12/turn

%: guardian spirit
@: brilliant, about to teleport, corroded, attractive, enlightened, flying,
hasted, studying Fighting, quick
A: amphibious, slowness 1, strong legs 1, +LOS
a: Hop, Renounce Religion, Wall Jump, Serpent's Lash


You were in a bailey.
You worshipped Wu Jian.
Wu Jian was greatly pleased with you.
You visited 1 branch of the dungeon, and saw 8 of its levels.
You also visited: Bailey.

You collected 322 gold pieces.
You spent 60 gold pieces at shops.

Inventory:

Hand Weapons
 a - a +0 long sword (weapon)
Missiles
 k - 14 poisoned darts
 t - 4 javelins
 E - 3 curare-tipped darts
Armour
 b - a +1 scale mail
 c - a +0 buckler (worn)
 j - a +2 helmet (worn)
 q - a +2 chain mail of cold resistance
 s - a +0 pair of boots (worn)
 D - +2 swamp dragon scales (worn)
 I - a +0 pair of gloves (worn)
Jewellery
 x - a ring of resist corrosion (left hand)
 C - an amulet of guardian spirit (around neck)
Wands
 o - a wand of flame (31)
 w - a wand of charming (3)
Scrolls
 h - 2 scrolls of teleportation
 i - 3 scrolls of enchant weapon {unknown}
 l - a scroll of silence {unknown}
 m - 3 scrolls of identify {unknown}
 p - 2 scrolls of enchant armour
 r - a scroll of butterflies {unknown}
 y - a scroll of poison {unknown}
 z - a scroll of revelation {unknown}
 G - a scroll of blinking {unknown}
Potions
 d - 5 potions of might
 f - 2 potions of lignification
 g - a potion of curing
 u - 2 potions of ambrosia
 A - 2 potions of resistance
 H - a potion of brilliance


   Skills:
 + Level 10.2 Fighting
 * Level 11.7 Long Blades
 + Level 8.5 Armour
 - Level 7.3 Shields


You had 9 spell levels left.
You didn't know any spells.
Your spell library contained the following spells:

 Spells                   Type           Power      Damage    Failure   Level
 Shock                    Conj/Air       0%         1d3       56%         1
 Cigotuvi's Dreadful Rot  Necr/Pois/Air  0%         N/A       71%         2
 Ensorcelled Hibernation  Hex/Ice        0%         N/A       71%         2
 Passwall                 Tmut/Erth      0%         N/A       71%         2
 Frozen Ramparts          Ice            0%         1d1       91%         3
 Ignite Poison            Fire/Tmut/Pois 0%         N/A       91%         3
 Swiftness                Air            0%         N/A       91%         3
 Airstrike                Air            0%         2d(0-16)  100%        4
 Ice Form                 Ice/Tmut       0%         N/A       100%        4
 Summon Ice Beast         Ice/Summ       0%         N/A       100%        4
 Freezing Cloud           Conj/Ice/Air   0%         6-21      100%        5


Dungeon Overview and Level Annotations

Branches:
Dungeon (8/15)             Temple (0/1) D:6          Bailey (1/1)
   Lair: D:8-11

Altars:
Makhleb
Nemelex Xobeh
Wu Jian

Shops:
D:2 !

Annotations:
D:5 2 transporters, bmj180's ghost, novice MfIE


Innate Abilities, Weirdness & Mutations

You are amphibious.
You cover ground slowly.
You can hop short distances.
You have an extended range of vision and can be seen from far away.


Message History

The spriggan is attracted toward you.
The acid dragon is attracted toward you.
As you read the scroll of teleportation, it crumbles to dust.
You feel strangely unstable.
The acid dragon bites you but does no damage.
The acid dragon closely misses you.
The two-headed ogre hits you from afar with a +0 halberd!
* * * LOW HITPOINT WARNING * * *
The two-headed ogre hits you from afar with a +0 halberd!
* * * LOW HITPOINT WARNING * * *
Unknown command.
Aiming: Corrosive Bolt
Press: ? - help, Shift-Dir - straight line, f/p - two-headed ogre
Aim: a two-headed ogre, wielding two +0 halberds (severely wounded, covered in acid, 86% to hit)
The bolt of acid hits the acid dragon.
The acid dragon is heavily wounded.
The bolt of acid hits the two-headed ogre!
The two-headed ogre seems to be corroded for longer.
The two-headed ogre is almost dead.
The acid dragon bites you!
* * * LOW HITPOINT WARNING * * *
The acid dragon closely misses you.
Unknown command.
Aiming: Corrosive Bolt
Press: ? - help, Shift-Dir - straight line, f/p - two-headed ogre
Aim: a two-headed ogre, wielding two +0 halberds (almost dead, covered in acid, 86% to hit)
The bolt of acid hits the acid dragon.
The acid dragon is severely wounded.
The bolt of acid hits the two-headed ogre!
The two-headed ogre seems to be corroded for longer.
You kill the two-headed ogre!
The Council accepts your kill.
The now-empty wand crumbles to dust.
The spriggan completely misses you.
Your Fighting skill increases to level 10!
Unknown command.
Unknown command.
You feel better. You block the acid dragon's attack.
The acid dragon completely misses you.
The spriggan hits you from afar with a +0 trident!
You die...

#########
##.......##
##.........##
##....~~~....#
##..♣#♣#i♣##♣..#
##..#♣.@D).§.##
#..#♣..♣♣♣♣♣..♣
#..#..♣ ♣♣..#
#..♣.. #..#
#..#. #..# #..#.
♣..# #..# ♣..#
#))## ..##
##..## .♣♣.


You could see an acid dragon and a spriggan.

Vanquished Creatures
  A two-headed ogre (Bailey)
  A gargoyle (D:6)
  Maggie (D:6)
  Grinder (D:6)
  2 spriggans (Bailey)
  A steam dragon (D:7)
  A vampire mosquito (D:6)
  Edmund (D:6)
  A water moccasin (D:6)
  An orc warrior (D:7)
  An ice beast (D:6)
  3 black bears
  2 sky beasts
  2 ogres (Bailey)
  2 centaurs (D:6)
  2 bullfrogs
  2 scorpions (D:5)
  8 killer bees (D:7)
  A jelly (D:7)
  4 hounds
  An orc priest (D:7)
  Ijyb (D:5)
  3 iguanas
  2 orc wizards
  Robin (D:2)
  4 adders
  3 gnolls (D:6)
  A white imp (D:6)
  An ufetubus (D:5)
  2 worms
  8 dart slugs
  20 orcs
  4 bats (D:1)
  7 endoplasms
  3 giant cockroaches
  18 goblins
  8 hobgoblins
  3 jackals (D:5)
  9 kobolds
  4 quokkas
  9 ball pythons
  6 frilled lizards
  6 rats
162 creatures vanquished.

Notes
Turn   | Place    | Note
-------+----------+-------------------------------------------
     0 | D:1      | tsouns the Barachi Fighter began the quest for the Orb.
     0 | D:1      | Reached XP level 1. HP: 18/18 MP: 1/1
   197 | D:1      | Reached XP level 2. HP: 25/25 MP: 2/2
   204 | D:1      | Reached skill level 3 in Long Blades
   360 | D:1      | Reached XP level 3. HP: 30/30 MP: 3/3
   650 | D:2      | You fall into a shaft and drop 2 floors!
   667 | D:4      | HP: 3/67 [worm (3)]
   871 | D:3      | Found a faded altar of an unknown god.
   874 | D:3      | Prayed at the altar of an unknown god.
   874 | D:3      | Became a worshipper of the Wu Jian Council
   874 | D:3      | Reached * piety under Wu Jian
  1023 | D:3      | Reached XP level 4. HP: 36/37 MP: 4/4
  1059 | D:3      | Reached skill level 4 in Long Blades
  1710 | D:2      | Noticed Robin
  1723 | D:2      | Reached ** piety under Wu Jian
  1761 | D:2      | Killed Robin
  1762 | D:2      | Reached XP level 5. HP: 33/43 MP: 5/5
  1974 | D:2      | Found Ratsineaxu's Distillery.
  1984 | D:2      | Bought a potion of curing for 30 gold pieces
  1984 | D:2      | Bought a potion of curing for 30 gold pieces
  2275 | D:4      | Reached skill level 5 in Long Blades
  2789 | D:4      | Reached XP level 6. HP: 50/50 MP: 6/6
  3112 | D:5      | Entered Level 5 of the Dungeon
  3143 | D:5      | Reached skill level 5 in Fighting
  3200 | D:5      | Noticed a black bear
  3210 | D:5      | Killed a black bear
  3465 | D:5      | Reached skill level 6 in Long Blades
  3518 | D:5      | Reached XP level 7. HP: 56/56 MP: 7/7
  3522 | D:5      | Found a transporter.
  3523 | D:5      | Noticed bmj180's ghost (novice MfIE)
  3527 | D:5      | Identified the +2 giant spiked club of Zin, Holding {heavy,
                  | rF+}
  3572 | D:5      | Reached *** piety under Wu Jian
  3680 | D:5      | Reached skill level 5 in Shields
  3813 | D:5      | Noticed Ijyb
  3828 | D:5      | Killed Ijyb
  3979 | D:5      | Reached skill level 5 in Armour
  4107 | D:5      | Found a transporter.
  4162 | D:6      | Noticed Grinder
  4164 | D:6      | Noticed Maggie
  4165 | D:6      | Killed Grinder
  4166 | D:6      | Reached skill level 7 in Long Blades
  4174 | D:6      | Killed Maggie
  4175 | D:6      | Reached XP level 8. HP: 64/64 MP: 8/8
  4192 | D:6      | Reached skill level 8 in Long Blades
  4365 | D:6      | Found an ornate altar of the Wu Jian Council.
  4493 | D:6      | Noticed Edmund
  4507 | D:6      | Killed Edmund
  4605 | D:6      | Noticed a gargoyle
  4615 | D:6      | Killed a gargoyle
  4616 | D:6      | Reached skill level 9 in Long Blades
  4616 | D:6      | Reached XP level 9. HP: 27/72 MP: 4/9
  4801 | D:6      | Found a staircase to the Ecumenical Temple.
  5317 | D:7      | Reached skill level 10 in Long Blades
  6087 | D:8      | Found a burning altar of Makhleb.
  6211 | D:8      | Found a sparkling altar of Nemelex Xobeh.
  6449 | D:8      | Found a flagged portal.
  6474 | D:8      | Reached **** piety under Wu Jian
  6549 | Bailey   | Entered a bailey
  6566 | Bailey   | Reached XP level 10. HP: 83/83 MP: 10/10
  6572 | Bailey   | Reached skill level 11 in Long Blades
  6675 | Bailey   | Identified the +1 ice dragon scales of Diczia {-Tele rF-
                  | rC++ rN+++ Str+4 Int+2}
  6679 | Bailey   | Noticed a two-headed ogre
  6701 | Bailey   | HP: 4/84 [acid dragon (8)]
  6702 | Bailey   | Killed a two-headed ogre
  6703 | Bailey   | Reached skill level 10 in Fighting
  6703 | Bailey   | Slain by a spriggan

Illustrated notes

Levels and vault maps discovered:
D:1:      denvon_arrival_planthouse, layout_basic, minmay_circled_x
D:2:      layout_basic, serial_shops, shop_statue, uniq_robin
D:3:      layout_basic, shapermc_ecumenical_altar_mp_vishouse
D:4:      layout_basic, serial_corexii_hall, corexii_hall_statues_u,
          corexii_hall_statues_u, corexii_hall_statues_u,
          chequers_hall_statues_y
D:5:      layout_gridville, gammafunk_ghost_smash, uniq_ijyb
D:6:      layout_rooms, pdpol_wu_jian_five_deadly_venoms,
          minmay_temple_entry_mist, minmay_manual_macuahuitl, uniq_edmund,
          uniq_maggie, uniq_grinder
D:7:      layout_rooms
D:8:      layout_loops_corners, mainiacjoe_overflow_paths, marbit_many_paths,
          ebering_ghost_inner_flame, enter_bailey_4
Bailey:   bailey_polearm_enchanted_keep_hellmonk, bailey

Skill      XL: |  1  2  3  4  5  6  7  8  9 10 |
---------------+-------------------------------+-----
Long Blades    | 3 4 5 6 7 9 10 11 | 11.7
Fighting       | 4 5 6 7 9 10 | 10.2
Shields        | 4 5 6 7 |  7.3
Armour         | 4 5 6 7 8 |  8.5

Action                     |  1- 3 |  4- 6 |  7- 9 | 10-12 || total
---------------------------+-------+-------+-------+-------++-------
  Melee: Long sword        |   128 |   208 |   300 |    16 ||   652
  Throw: Dart              |       |       |     2 |       ||     2
Ability: Lunge             |     2 |    10 |     9 |     1 ||    22
         Whirlwind         |       |     8 |     1 |     2 ||    11
         Hop               |       |     3 |       |       ||     3
  Evoke: Wand              |       |     1 |    26 |     7 ||    34
    Use: Scroll            |     5 |       |       |     1 ||     6
         Potion            |     2 |       |       |     9 ||    11
 Armour: Scale mail        |    49 |    34 |       |       ||    83
         Chain mail        |       |    94 |    24 |       ||   118
         Swamp dragon scal |       |       |   210 |     9 ||   219
  Dodge: Dodged            |    54 |    76 |   139 |    11 ||   280
  Block: Buckler           |    25 |    51 |    93 |     5 ||   174

Table legend: (Time is in decaauts)
 A = Elapsed time spent in this place.
 B = Non-inter-level travel time spent in this place.
 C = Inter-level travel time spent in this place.
 D = Time resting spent in this place.
 E = Time spent auto-exploring this place.
 F = Levels seen in this place.
 G = Mean time per level.
                   A        B        C        D        E       F      G
               +--------+--------+--------+--------+--------+-----+--------+
         Total |   7631 |   7381 |    250 |      0 |   5861 |   9 |  847.9 |
       Dungeon |   7473 |   7223 |    250 |      0 |   5754 |   8 |  934.1 |
        Bailey |    157 |    157 |      0 |      0 |    107 |   1 |  157.0 |
               +--------+--------+--------+--------+--------+-----+--------+

Top non-repeatable levels by time:
     D:4: 1207 daAuts
     D:5: 1190 daAuts
     D:7: 1005 daAuts
     D:6: 977 daAuts
     D:3: 954 daAuts
     D:2: 744 daAuts
     D:1: 729 daAuts
     D:8: 665 daAuts
  Bailey: 157 daAuts
